 Dungeon Crawl Stone Soup version 0.22-a0-162-g33bf1272b0 (webtiles) character file.

51 RedPan the Sneak (level 3, -12/21 HPs)
             Began as an Octopode Wizard on Feb 12, 2018.
             Killed from afar by Sigmund (13 damage)
             ... with a wand of flame (30)
             ... on level 2 of the Dungeon.
             The game lasted 00:05:37 (1955 turns).

RedPan the Sneak (Octopode Wizard)                  Turns: 1955, Time: 00:05:38

Health: -12/21     AC:  1    Str:  6    XL:     3   Next: 81%
Magic:  2/7        EV: 14    Int: 20    God:
Gold:   111        SH:  0    Dex: 11    Spells: 0/8 levels left

rFire    . . .     SeeInvis .   f - +0 dagger
rCold    . . .     Gourm    .   (no shield)
rNeg     . . .     Faith    .   a - +0 hat
rPois    .         Spirit   .   (no amulet)
rElec    .         Reflect  .   (no ring)
rCorr    .         Harm     .   (no ring)
MR       .....                  (no ring)
Stlth    +++.......             (no ring)
HPRegen  0.07/turn              (no ring)
MPRegen  0.10/turn              (no ring)
                                (no ring)
                                (no ring)

@: very slightly contaminated
A: almost no armour, stealthy swim, amphibious, 8 rings, constrict 8, camouflage
1, gelatinous body 1
a: no special abilities


You were on level 2 of the Dungeon.
You were not hungry.

You visited 1 branch of the dungeon, and saw 2 of its levels.

You collected 111 gold pieces.

Inventory:

Hand Weapons
 f - a +0 dagger (weapon)
Missiles
 n - 8 tomahawks of returning (quivered)
Armour
 a - a +0 hat (worn)
Jewellery
 k - a +3 ring of intelligence {unknown}
Scrolls
 d - a scroll of amnesia {unknown}
 e - 2 scrolls of blinking {unknown}
 g - 2 scrolls of identify
 h - a scroll of magic mapping {unknown}
 i - a scroll of teleportation {unknown}
 l - a scroll of remove curse
 m - a scroll of random uselessness {unknown}
Books
 b - a book of Minor Magic

   Spells                             Type                      Level
   a - Magic Dart                     Conjuration                  1
   b - Blink                          Translocation                2
   c - Call Imp                       Summoning                    2
   d - Slow                           Hexes                        2
   e - Conjure Flame                  Conjuration/Fire             3
   f - Mephitic Cloud                 Conjuration/Poison/Air       3
Comestibles
 c - a ration
 j - 2 chunks of flesh


   Skills:
 + Level 2.8 Dodging
 + Level 3.8 Stealth
 - Level 3.0 Spellcasting
 - Level 2.0 Conjurations
 - Level 1.0 Summonings
 - Level 1.0 Translocations
 + Level 0.3 Air Magic
 + Level 0.4 Poison Magic


You couldn't memorise any spells.
You knew the following spells:

 Your Spells              Type           Power        Failure   Level  Hunger
a - Magic Dart            Conj           ##..         6%          1    None
b - Blink                 Tloc           N/A          14%         2    ##.....
c - Call Imp              Summ           #.......     14%         2    ##.....
d - Mephitic Cloud        Conj/Pois/Air  #.......     28%         3    ###....


Dungeon Overview and Level Annotations

Branches:
Dungeon (2/15)

Altars:

Annotations:
D:2 Sigmund


Innate Abilities, Weirdness & Mutations

You cannot wear most types of armour.
You are very stealthy in the water. (Stealth+)
You are amphibious.
You can wear up to eight rings at the same time.
You can use your tentacles to constrict eight enemies at once.
Your skin changes colour to match your surroundings (Stealth+).
Your rubbery body absorbs attacks. (AC +1, EV +1)


Message History

The floor and the ceiling briefly switch places.
Sigmund zaps a wand.
The puff of flame hits you!
It is a wand of flame (32).
Sigmund zaps a wand.
The puff of flame hits you!
Ouch! That really hurt!
* * * LOW HITPOINT WARNING * * *
Unknown command.
Okay, then.
You aren't carrying any potions.
You aren't carrying any potions.
Sigmund casts a spell.
Sigmund flickers and vanishes!
Deactivating autopickup; reactivate with Ctrl-A.
You hear a zap.
A puff of flame appears from out of thin air!
The puff of flame misses you.
You hear a zap.
A puff of flame appears from out of thin air!
The puff of flame hits you!
Ouch! That really hurt!
You die...

....#.....####.#
..###.............
.............. ..#
..#.########## #.. ..#.# #.#
..#+# #.# ... #.# .... #.#
.... #@# .##+# #.# .# #.# .#
#.# .##+#### #.# .......# #.#
.......#########.#
...............#.############
.##............#............#


There were no monsters in sight!

Vanquished Creatures
  An adder (D:2)
  2 ball pythons (D:1)
  2 bats (D:1)
  A giant cockroach (D:2)
  3 goblins
  8 hobgoblins (D:1)
  3 quokkas (D:2)
  A frilled lizard (D:1)
  4 kobolds
  5 rats
30 creatures vanquished.

Vanquished Creatures (collateral kills)
  An adder (D:2)
  An ooze (D:2)
2 creatures vanquished.

Grand Total: 32 creatures vanquished

Notes
Turn   | Place    | Note
-------+----------+-------------------------------------------
     0 | D:1      | RedPan the Octopode Wizard began the quest for the Orb.
     0 | D:1      | Reached XP level 1. HP: 11/11 MP: 4/4
   194 | D:1      | Reached XP level 2. HP: 15/17 MP: 4/6
  1165 | D:1      | Learned a level 2 spell: Blink
  1168 | D:1      | Learned a level 2 spell: Call Imp
  1240 | D:2      | Reached XP level 3. HP: 21/21 MP: 5/7
  1600 | D:2      | Learned a level 3 spell: Mephitic Cloud
  1864 | D:2      | Found a faded altar of an unknown god.
  1935 | D:2      | Noticed Sigmund
  1950 | D:2      | HP: 1/21 [Sigmund/wand of flame (32) (13)]
  1955 | D:2      | Killed from afar by Sigmund

Vault maps used:
D:1:      eino_arrival_tree_alley, minivault_25
D:2:      old_standard_altar, nicolae_dithmenos_through_a_glass_darkly,
          chequers_ecumenical_altar_simple, nicolae_ru_great_annihilating_truth,
          uniq_sigmund

Skill      XL: |  1  2  3 |
---------------+----------+-----
Stealth        | 3 |  3.8
Conjurations   | 2 |  2.0
Dodging        | |  2.8
Spellcasting   | |  3.0
Summonings     | |  1.0
Translocations | |  1.0
Air Magic      | |  0.3
Poison Magic   | |  0.4

Action                   || total
-------------------------++-------
Melee: Unarmed           ||     6
       Constrict         ||    10
       Tentacles         ||     5
       Dagger            ||    19
 Cast: Magic Dart        ||    52
       Call Imp          ||     5
       Blink             ||     1
  Use: Scroll            ||     2
 Stab: Sleeping          ||     1
  Eat: Chunk             ||     3
Armor: Skin              ||     2
Dodge: Dodged            ||    24

Table legend:
 A = Spawn XP
 B = Non-spawn XP
 C = Spawn XP percentage of total XP
 D = Spawn monster count
 E = Non-spawn monster count
 F = Spawn count percentage of total count
 G = Total turns spent on level
                    A         B        C        D         E        F      G
               +---------+---------+-------+---------+---------+-------+---------
         Total |       0 |      73 |   0.0 |       0 |      32 |   0.0 |  1955
               +---------+---------+-------+---------+---------+-------+---------
           D:1 |       0 |      30 |   0.0 |       0 |      18 |   0.0 |  1169
           D:2 |       0 |      43 |   0.0 |       0 |      14 |   0.0 |   786
               +---------+---------+-------+---------+---------+-------+---------
